 Dungeon Crawl Stone Soup version 0.30-a0-847-g17996783a1 (webtiles) character file.

Game seed: 86420484904225909

8 holysushi the Cutter (level 2, 24/24 HPs)
             Began as a Demonspawn Monk on Mar 3, 2023.
             Quit the game on level 1 of the Dungeon.
             The game lasted 00:00:40 (207 turns).

holysushi the Cutter (Demonspawn Monk)               Turns: 207, Time: 00:00:40

Health: 24/24      AC:  2    Str: 11    XL:     2   Next: 0%
Magic:  2/2        EV: 12    Int: 11    God:
Gold:   0          SH:  0    Dex: 15    Spells: 1/1 levels left

rFire   . . .      SeeInvis .    (no weapon)
rCold   . . .      Faith    .    (no shield)
rNeg    . . .      Spirit   .    b - +0 robe
rPois   .          Reflect  .    (no helmet)
rElec   .          Rampage  .    (no cloak)
rCorr   .                        (no gloves)
Will    .....                    (no boots)
Stlth   ++                       (no amulet)
HPRegen 0.24/turn                (no ring)
MPRegen 0.08/turn                (no ring)

@: no status effects
A: claws 1
a: no special abilities


You were on level 1 of the Dungeon.
You visited 1 branch of the dungeon, and saw 1 of its levels.

Inventory:

Hand Weapons
 a - a +0 short sword
Armour
 b - a +0 robe (worn)
Scrolls
 f - 3 scrolls of enchant weapon {unknown}
 g - a scroll of magic mapping {unknown}
Potions
 c - a potion of ambrosia
 d - a potion of attraction {unknown}
 e - a potion of mutation {unknown}


   Skills:
 - Level 3.0 Fighting
 + Level 3.2 Short Blades
 - Level 2.6 Dodging
 - Level 1.7 Stealth


You had one spell level left.
You didn't know any spells.
Your spell library was empty.

Dungeon Overview and Level Annotations

Branches:
Dungeon (1/15) Zot: 5796

Altars:

Shops:
D:1 *?*


Innate Abilities, Weirdness & Mutations

You have sharp fingernails.


Message History

Found Pefrife's General Store.
The helpless bat fails to defend itself.
You puncture the bat!
You kill the bat!
An endoplasm comes into view.
You see here a bat corpse.
The endoplasm quivers.
You hit the endoplasm.
The endoplasm is heavily wounded.
The endoplasm hits you.
An endoplasm is nearby!
You hit the endoplasm but do no damage.
The endoplasm is heavily wounded.
The endoplasm barely misses you.
An endoplasm is nearby!
You hit the endoplasm.
The endoplasm is almost dead.
The endoplasm closely misses you.
An endoplasm is nearby!
You barely miss the endoplasm.
The endoplasm is severely wounded.
The endoplasm hits you.
An endoplasm is nearby!
An endoplasm is nearby!
You hit the endoplasm.
You kill the endoplasm!
You have reached level 2!
Your demonic ancestry asserts itself...
Your fingernails lengthen.
You are now empty-clawed.
You drop a +0 short sword.
Your movement speed is average.
Your attack delay is about 1.0.
Your damage rating with unarmed combat is about 5 (Base [5 + 0 (UC)] x 102% (Str) x 105% (Fight)).
a - a +0 short sword
a - a +0 short sword (weapon)
Your movement speed is average.
Your attack delay is about 0.8.
Your damage rating with your +0 short sword is about 6 (Base 5 x 112% (Dex) x 111% (Skill)).
You are now empty-clawed.
You drop a +0 short sword.
You see here a +0 short sword.
a - a +0 short sword Are you sure you want to abandon this character and quit the game? (Confirm with "yes".)

#......##.##.##
####.#.##.#...##
#.#.##......## #
#......†...... ##.
###....†....## #...####
###..#...## #......#
#..##.#### #.#
#......... #@#
##..####### #.# #.....#
###.### #.....####
.......#†.# #..........
#######.#.####.....#####
#.........##.....#
#.........###.###....
#......$......# .###
#∩........##### .#


There were no monsters in sight!

Vanquished Creatures
  An endoplasm (D:1)
  A giant cockroach (D:1)
  3 hobgoblins (D:1)
  2 bats (D:1)
7 creatures vanquished.

Notes
Turn   | Place    | Note
-------+----------+-------------------------------------------
     0 | D:1      | holysushi the Demonspawn Monk began the quest for the Orb.
     0 | D:1      | Reached XP level 1. HP: 18/18 MP: 1/1
    81 | D:1      | Found Raezem's Magic Scroll Boutique.
    96 | D:1      | Found Syreudag's General Store.
   188 | D:1      | Found Pefrife's General Store.
   198 | D:1      | Gained mutation: You have sharp fingernails. [demonic
                  | ancestry]
   198 | D:1      | Reached XP level 2. HP: 22/24 MP: 2/2
   207 | D:1      | Quit the game

Illustrated notes

Levels and vault maps discovered:
D:1:      lightli_arrival_statue_moat, layout_loops_ring, serial_shops, shop,
          nicolae_shop_stone, shop, shop, corexii_corridor_pit

Skill      XL: |  1 |
---------------+----+-----
Short Blades   | 3 |  3.2
Fighting       | |  3.0
Dodging        | |  2.6
Stealth        | |  1.7

Action                     || total
---------------------------++-------
  Melee: Short sword       ||    24
   Stab: Sleeping          ||     2
 Armour: Robe              ||     1
  Dodge: Dodged            ||    13

Table legend: (Time is in decaauts)
 A = Elapsed time spent in this place.
 B = Non-inter-level travel time spent in this place.
 C = Inter-level travel time spent in this place.
 D = Time resting spent in this place.
 E = Time spent auto-exploring this place.
 F = Levels seen in this place.
 G = Mean time per level.
                   A        B        C        D        E       F      G
               +--------+--------+--------+--------+--------+-----+--------+
         Total |    203 |    203 |      0 |      0 |    136 |   1 |  203.0 |
       Dungeon |    203 |    203 |      0 |      0 |    136 |   1 |  203.0 |
               +--------+--------+--------+--------+--------+-----+--------+

Top non-repeatable levels by time:
     D:1: 203 daAuts
